 Dungeon Crawl Stone Soup version 0.31-a0-836-g3ceb0a68c4 (webtiles) character file.

Game seed: 2610748034049788302

384 Turgor the Sneak (level 7, 0/55 HPs)
             Began as a Formicid Brigand on Sept 26, 2023.
             Succumbed to a scorpion's poison
             ... on level 4 of the Dungeon.
             The game lasted 00:14:47 (2755 turns).

Turgor the Sneak (Formicid Brigand)                 Turns: 2755, Time: 00:14:48

Health: 0/55       AC:  4    Str: 16    XL:     7   Next: 6%
Magic:  7/7        EV:  9    Int: 12    God:
Gold:   208        SH:  0    Dex: 15    Spells: 6/6 levels left

rFire   . . .        a - +2 dagger
rCold   . . .        (no shield)
rNeg    . . .        b - +0 robe
rPois   .            (helmet unavailable)
rElec   .            c - +0 cloak
rCorr   .            g - +0 pair of gloves
SInv    +            (no boots)
Will    .....        (no amulet)
Stlth   +            (no ring)
HPRegen 0.29/turn    (no ring)
MPRegen 0.10/turn

%: no passive effects
@: confused, mighty, lethally poisoned (0 -> -18), ambrosia-drunk, constricted,
studying Staves
A: permanent stasis, dig shafts and tunnels, antennae 3, four strong arms
a: Dig, Shaft Self


You were on level 4 of the Dungeon.
You visited 1 branch of the dungeon, and saw 4 of its levels.

You collected 208 gold pieces.

Inventory:

Hand Weapons
 a - a +2 dagger (weapon)
 o - a +0 dagger of venom
 t - a +2 dagger of holy wrath
Missiles
 d - 13 poisoned darts (quivered)
 e - 3 curare-tipped darts
Armour
 b - a +0 robe (worn)
 c - a +0 cloak (worn)
 g - a +0 pair of gloves (worn)
Jewellery
 m - a ring of flight
Scrolls
 h - a scroll of noise {unknown}
 i - a scroll of immolation {unknown}
 j - a scroll of revelation {unknown}
 p - a scroll of poison {unknown}
 r - a scroll of vulnerability
Potions
 f - a potion of magic
 k - 2 potions of invisibility
 n - a potion of brilliance
 s - a potion of attraction
 u - a potion of enlightenment {unknown}
 v - a potion of lignification {unknown}


   Skills:
 + Level 4.5 Fighting
 - Level 4.0 Short Blades
 + Level 3.3 Throwing
 - Level 2.0 Dodging
 - Level 6.0 Stealth


You had 6 spell levels left.
You didn't know any spells.
Your spell library was empty.

Dungeon Overview and Level Annotations

Branches:
Dungeon (4/15)
 Temple: D:4-7

Altars:
Trog

Annotations:
D:2 1 runed translucent door, Crazy Yiuf, Natasha
D:4 exclusions: adder, sensed monster (detected) and water moccasin


Innate Abilities, Weirdness & Mutations

You cannot be hasted, slowed, berserked, paralysed or teleported.
You can dig through walls and to a lower floor.
You have a pair of large antennae on your head. (SInv)
Your four strong arms can wield two-handed weapons with a shield.


Message History

You are more poisoned.
The scorpion poisons you!
The ball python bites you but does no damage.
The ball python constricts you.
You puncture the scorpion!
The scorpion is moderately wounded.
You feel very sick. The scorpion stings you. The ogre completely misses you.
The ball python barely misses you. The ball python constricts you.
Unknown command.
You closely miss the scorpion.
The scorpion is moderately wounded.
You feel very sick. The scorpion stings you.
You are lethally poisoned!
The scorpion poisons you!
The ball python bites you but does no damage.
The ball python constricts you.
You puncture the scorpion!
The scorpion is almost dead.
You feel very sick. The ogre hits you with a +0 giant club!
* * * LOW HITPOINT WARNING * * *
The scorpion stings you.
* * * LOW HITPOINT WARNING * * *
The ball python barely misses you. The ball python constricts you.
* * * LOW HITPOINT WARNING * * *
A jelly comes into view.
The jelly quivers.
You puncture the scorpion!
You kill the scorpion!
* * * LOW HITPOINT WARNING * * *
You feel very sick. The ball python closely misses you.
The ball python constricts you.
* * * LOW HITPOINT WARNING * * *
You have reached level 7!
It was a potion of ambrosia.
You are confused.
You feel invigorated.
You die...

.. .# .. #. .#### ..
##. ..#.## ..
#..####.....J ..
#............ ..
#........... ##
##....O......
###...S@.......
#............## ...
#..#..........# ....
#..##............
......
#..##..................
#...............#..<...
#...............#......
#.......##.............
##.$....##.............


You could see an ogre, a jelly and a ball python.

Vanquished Creatures
  2 scorpions (D:4)
  2 jellies (D:4)
  A hound (D:4)
  A sleepcap (D:4)
  Terence (D:3)
  Natasha (D:2)
  Robin (D:3)
  A gnoll (D:1)
  A worm (D:4)
  4 orcs
  7 ball pythons
  5 bats
  7 endoplasms
  4 giant cockroaches
  8 goblins
  10 hobgoblins
  7 quokkas
  3 frilled lizards (D:3)
  5 kobolds
  5 rats
76 creatures vanquished.

Notes
Turn   | Place    | Note
-------+----------+-------------------------------------------
     0 | D:1      | Turgor the Formicid Brigand began the quest for the Orb.
     0 | D:1      | Reached XP level 1. HP: 16/16 MP: 1/1
   165 | D:1      | Reached skill level 1 in Dodging
   232 | D:1      | Reached skill level 5 in Stealth
   232 | D:1      | Reached XP level 2. HP: 19/23 MP: 2/2
   373 | D:1      | Reached XP level 3. HP: 26/28 MP: 3/3
  1006 | D:2      | Found a bloodstained altar of Trog.
  1054 | D:2      | Reached XP level 4. HP: 32/34 MP: 4/4
  1163 | D:2      | Noticed Natasha
  1183 | D:2      | Killed Natasha
  1332 | D:2      | Noticed Natasha
  1433 | D:2      | Found a runed translucent door.
  1434 | D:2      | Noticed Crazy Yiuf
  1514 | D:3      | Noticed Terence
  1518 | D:3      | Killed Terence
  1519 | D:3      | Reached XP level 5. HP: 41/41 MP: 5/5
  1737 | D:3      | Found a faded altar of an unknown god.
  2223 | D:3      | Noticed Robin
  2270 | D:3      | Killed Robin
  2519 | D:4      | Reached skill level 6 in Stealth
  2531 | D:4      | Reached XP level 6. HP: 48/48 MP: 6/6
  2577 | D:4      | Noticed a water moccasin
  2743 | D:4      | Noticed an ogre
  2754 | D:4      | HP: 2/48 [poisoned by a scorpion]
  2755 | D:4      | Reached XP level 7. HP: 2/55 MP: 7/7
  2755 | D:4      | Succumbed to a scorpion's poison

Illustrated notes

Levels and vault maps discovered:
D:1:      elethiomel_arrival_infinity_welcomes_careful_drivers, layout_basic
D:2:      layout_rooms, basic_altar, uniq_natasha, uniq_crazy_yiuf_cottage
D:3:      layout_loops_ring, shapermc_ecumenical_altar_flowoftime, uniq_terence,
          uniq_robin
D:4:      layout_cave_pools, minmay_manual_mess

Skill      XL: |  1  2  3  4  5  6 |
---------------+-------------------+-----
Dodging        | 1 2 |  2.0
Stealth        | 5 6 |  6.0
Fighting       | 3 4 |  4.5
Short Blades   | 3 4 |  4.0
Throwing       | 3 |  3.3

Action                     |  1- 3 |  4- 6 |  7- 9 || total
---------------------------+-------+-------+-------++-------
  Melee: Dagger            |   145 |   167 |       ||   312
         Punch             |       |     1 |       ||     1
  Throw: Dart              |     1 |    13 |       ||    14
    Use: Potion            |       |     4 |     1 ||     5
         Scroll            |       |     6 |       ||     6
   Stab: Sleeping          |     3 |    10 |       ||    13
 Armour: Robe              |    68 |    98 |       ||   166
  Dodge: Dodged            |    94 |    91 |       ||   185

Table legend: (Time is in decaauts)
 A = Elapsed time spent in this place.
 B = Non-inter-level travel time spent in this place.
 C = Inter-level travel time spent in this place.
 D = Time resting spent in this place.
 E = Time spent auto-exploring this place.
 F = Levels seen in this place.
 G = Mean time per level.
                   A        B        C        D        E       F      G
               +--------+--------+--------+--------+--------+-----+--------+
         Total |   2711 |   2618 |     93 |    176 |   1491 |   4 |  677.8 |
       Dungeon |   2711 |   2618 |     93 |    176 |   1491 |   4 |  677.8 |
               +--------+--------+--------+--------+--------+-----+--------+

Top non-repeatable levels by time:
     D:3: 927 daAuts
     D:1: 906 daAuts
     D:2: 553 daAuts
     D:4: 323 daAuts
